 Dungeon Crawl Stone Soup version 0.27-a0-1217-g8a41f320e8 (webtiles) character file.

Game seed: 12978105693685695459

834 quinnr the Magician (level 8, -2/50 HPs)
             Began as a Djinni Air Elementalist on June 5, 2021.
             Was an Initiate of Makhleb.
             Slain by a wyvern zombie (13 damage)
             ... on level 5 of the Dungeon.
             The game lasted 00:17:45 (7740 turns).

quinnr the Magician (Djinni Air Elementalist)       Turns: 7740, Time: 00:17:46

Health: -2/50      AC:  2    Str:  7    XL:     8   Next: 18%
Gold:   218        EV: 12    Int: 18    God:    Makhleb [......] SH:  0 Dex: 15

rFire    + + .     SeeInvis .   l - +2 whip (drain)
rCold    x . .     Faith    .   (no shield)
rNeg     . . .     Spirit   .   a - +0 robe
rPois    ∞         Reflect  .   (no helmet)
rElec    .         Harm     .   (no cloak)
rCorr    .         Rampage  .   (no gloves)
Will     .....                  (boots unavailable)
Stlth    ++........             (no amulet)
HPRegen  0.16/turn              (no ring)
MPRegen  0.00/turn              (no ring)

@: flying, very slightly contaminated
A: sickness immunity, fire resistance 2, cold vulnerability 1, float, innate
caster, hp casting, extra vitality 1
a: Renounce Religion


You were on level 5 of the Dungeon.
You worshipped Makhleb.
Makhleb was noncommittal.
You visited 2 branches of the dungeon, and saw 6 of its levels.

You collected 218 gold pieces.

Inventory:

Hand Weapons
 l - a +2 whip of draining (weapon)
Armour
 a - a +0 robe (worn)
Magical Staves
 c - a staff of conjuration
Jewellery
 s - a ring of poison resistance
Wands
 m - a wand of paralysis (8)
 v - a wand of flame (13)
Scrolls
 f - 2 scrolls of teleportation {unknown}
 g - 4 scrolls of identify {unknown}
 h - 2 scrolls of fog {unknown}
 j - a scroll of noise {unknown}
 k - a scroll of torment {unknown}
 p - a scroll of brand weapon {unknown}
 q - a scroll of silence {unknown}
 u - a scroll of enchant weapon {unknown}
Potions
 b - 2 potions of haste {unknown}
 d - a potion of degeneration {unknown}
 e - a potion of heal wounds {unknown}
 i - 2 potions of curing {unknown}
 n - a potion of mutation {unknown}
 o - a potion of might {unknown}
 r - a potion of ambrosia {unknown}
 t - 2 potions of flight {unknown}


   Skills:
 - Level 2.1 Dodging
 - Level 1.5 Stealth
 + Level 7.1 Spellcasting


You had one spell level left.
You knew the following spells:

 Your Spells              Type           Power      Damage    Failure   Level
a - Shock                 Conj/Air       100%       1d9       1%          1
b - Static Discharge      Conj/Air       32%        N/A       1%          2
c - Swiftness             Air            32%        N/A       1%          3
d - Airstrike             Air            16%        N/A       5%          4
e - Lightning Bolt        Conj/Air       16%        1d30      16%         5
f - Corona                Hex            35%        N/A       1%          1
g - Corpse Rot            Necr/Air       N/A        N/A       1%          2
h - Slow                  Hex            32%        N/A       1%          2
Your spell library was empty.

Dungeon Overview and Level Annotations

Branches:
Dungeon (5/15)             Temple (1/1) D:4

Altars:
Cheibriados
Dithmenos
Elyvilon
Fedhas
Gozag
Hepliaklqana
Kikubaaqudgha
Makhleb
Nemelex Xobeh
Qazlal
Ru
Sif Muna
Trog
Uskayaw
Wu Jian
Xom
Yredelemnul
Zin


Innate Abilities, Weirdness & Mutations

You are immune to sickness and miasma.
You are immune to poison.
Your flesh is very heat resistant. (rF++)
You are vulnerable to cold. (rC-)
You float through the air rather than walking.
You learn spells naturally, not from books.
Your magical power is your life essence.
You have superior vitality. (+4 HP)


Message History

Aiming: Airstrike (dangerous; 5% risk of failure)
Press: ? - help, Dir - move target, f/p - wyvern zombie
Aim: a wyvern zombie (moderately damaged)
You miscast Airstrike.
You are very lightly contaminated with residual magic.
The wind whips around you! The wyvern zombie barely misses you.
The wyvern zombie bites you!
Casting: Airstrike (dangerous; 5% risk of failure)
Confirm with . or Enter, or press ? or * to list all spells.
Aiming: Slow (safe; 1% risk of failure)
Press: ? - help, Shift-Dir - straight line, f/p - wyvern zombie
Aim: a wyvern zombie (moderately damaged, chance to affect: 81%)
The wyvern zombie seems to slow down.
The wyvern zombie closely misses you.
Unknown command.
Casting: Slow (safe; 1% risk of failure)
Confirm with . or Enter, or press ? or * to list all spells.
Aiming: Airstrike (dangerous; 5% risk of failure)
Press: ? - help, Dir - move target, f/p - wyvern zombie
Aim: a wyvern zombie (moderately damaged, slow)
The air twists around and strikes the wyvern zombie!
The wyvern zombie is heavily damaged.
Unknown command.
Casting: Airstrike (dangerous; 5% risk of failure)
Confirm with . or Enter, or press ? or * to list all spells.
Aiming: Airstrike (dangerous; 5% risk of failure)
Press: ? - help, Dir - move target, f/p - wyvern zombie
Aim: a wyvern zombie (heavily damaged, slow)
The air twists around and strikes the wyvern zombie!
The wyvern zombie is almost destroyed.
* * * LOW HITPOINT WARNING * * *
The wyvern zombie barely misses you.
Casting: Airstrike (dangerous; 5% risk of failure)
Confirm with . or Enter, or press ? or * to list all spells.
Aiming: Airstrike (dangerous; 5% risk of failure)
Press: ? - help, Dir - move target, f/p - wyvern zombie
Aim: a wyvern zombie (almost destroyed, slow)
You miscast Airstrike.
Nothing appears to happen.
* * * LOW HITPOINT WARNING * * *
The wyvern zombie bites you!
You die...

############........##
#.............#####.P####P
#.########†.)#....#.......
####>..................P####P
##......####.###.#....#.###
#.......# #.....#.#..#...#
#.......# ####...........#
#.......######...######...####
#.###........@...# #.......
#.# ##########Z..# ###.#...
####.# ...#.# #.......
...#.########### ...#≈#
#....... ##.............# ####
# #.#.##.. #..#......##...#
######.#.##.. #...<......#...#
#....#.#.##.. ####.......#...#
#....#.#.##.. ...........#.###
####....#.#.##..


You could see a wyvern zombie (slow).

Vanquished Creatures
  A water moccasin (D:3)
  2 black bears
  A phantom (D:4)
  A scorpion (D:5)
  A howler monkey (D:5)
  A centaur zombie (D:5)
  A bullfrog skeleton (D:4)
  2 iguanas
  Natasha (thrice) (D:4)
  2 orc wizards (D:4)
  3 adders
  An adder zombie (D:5)
  3 adder skeletons (D:4)
  3 worms
  2 dart slugs
  9 orcs
  5 ball pythons
  6 bats
  5 endoplasms
  2 giant cockroaches
  9 goblins
  6 hobgoblins
  7 jackals (D:1)
  4 kobolds
  5 quokkas
  8 frilled lizards
  6 rats
  2 bushes (D:2)
101 creatures vanquished.

Vanquished Creatures (others)
  4 fungi (D:5)
  8 plants (D:2)
12 creatures vanquished.

Grand Total: 113 creatures vanquished

Notes
Turn   | Place    | Note
-------+----------+-------------------------------------------
     0 | D:1      | quinnr the Djinni Air Elementalist began the quest for the
                  | Orb.
     0 | D:1      | Reached XP level 1. HP: 15/15 MP: 0/0
    68 | D:1      | Reached XP level 2. HP: 7/21 MP: 0/0
   433 | D:1      | Reached skill level 3 in Spellcasting
   657 | D:1      | Found a faded altar of an unknown god.
   845 | D:1      | Reached XP level 3. HP: 24/25 MP: 0/0
   845 | D:1      | Learned a level 1 spell: Corona
  1668 | D:2      | Reached XP level 4. HP: 23/31 MP: 0/0
  1999 | D:2      | quinnr: ??corona
  1999 | D:2      | beem: corona[1/1]: Outlines the target in light, making
                  | them easier to hit (by boosting your to-hit randomly
                  | between 2 and 9). Makes invisible things (temporarily)
                  | visible. Tastes less pissy with a wedge of lime. Don't
                  | leave it in direct sunlight.
  3786 | D:3      | Noticed a water moccasin
  3793 | D:3      | Killed a water moccasin
  3794 | D:3      | Reached skill level 4 in Spellcasting
  3794 | D:3      | Reached XP level 5. HP: 14/35 MP: 0/0
  3794 | D:3      | Learned a level 2 spell: Corpse Rot
  4035 | D:3      | Found a bloodstained altar of Trog.
  4137 | D:3      | Reached XP level 6. HP: 40/40 MP: 0/0
  4463 | D:4      | Noticed a black bear
  4473 | D:4      | Killed a black bear
  4474 | D:4      | Reached skill level 5 in Spellcasting
  4703 | D:4      | Found a hazy altar of Hepliaklqana.
  4783 | D:4      | Found a glowing silver altar of Zin.
  5034 | D:4      | Reached XP level 7. HP: 32/45 MP: 0/0
  5034 | D:4      | Learned a level 2 spell: Slow
  5282 | D:4      | Reached skill level 6 in Spellcasting
  5582 | D:4      | Found a staircase to the Ecumenical Temple.
  5596 | Temple   | Entered the Ecumenical Temple
  5663 | Temple   | Became a worshipper of Makhleb the Destroyer
  5931 | D:4      | Noticed Natasha
  5936 | D:4      | Killed Natasha
  6236 | D:4      | Found a hazy altar of Hepliaklqana.
  6247 | D:4      | Found a glowing silver altar of Zin.
  6380 | D:4      | Noticed Natasha
  6383 | D:4      | Killed Natasha
  6484 | D:4      | Found a staircase to the Ecumenical Temple.
  6569 | D:4      | Noticed Natasha
  6571 | D:4      | Killed Natasha
  6906 | D:5      | Entered Level 5 of the Dungeon
  7042 | D:5      | Reached XP level 8. HP: 34/50 MP: 0/0
  7184 | D:5      | Reached skill level 7 in Spellcasting
  7299 | D:5      | Found a blossoming altar of Fedhas.
  7548 | D:5      | Found a white marble altar of Elyvilon.
  7740 | D:5      | Slain by a wyvern zombie

Illustrated notes

Levels and vault maps discovered:
D:1:      minmay_arrival_plants_in_alcoves, layout_basic,
          shapermc_ecumenical_altar_mp_highgroup
D:2:      layout_rooms, serial_forest, infiniplex_forest_straight_5,
          infiniplex_forest_lined_3_way, infiniplex_forest_side_room,
          infiniplex_forest_lined_room_3, infiniplex_forest_end_1,
          infiniplex_forest_straight_2, infiniplex_forest_clump_diagonal,
          infiniplex_forest_clump_medium, infiniplex_forest_lined_room_3,
          infiniplex_forest_clump_long, minmay_misc_feat_nine_boxes,
          minmay_misc_feat_room, chequers_serial_rivers_micro_d, feat_on_display
D:3:      layout_basic, trog_butcher_becter
D:4:      layout_basic, nicolae_hepliaklqana_hazy_memory, kennysheep_mini_moat,
          minmay_temple_entry_junction, minmay_fractal_squares_diagonal_5,
          uniq_natasha
D:5:      layout_basic, fedhas_altar_decomposition,
          gammafunk_temple_overflow_wave, serial_aquarium,
          aquarium_bridge_square [aquarium_subvault_window,
          aquarium_subvault_wall, aquarium_subvault_bridge,
          aquarium_subvault_bridge], aquarium_window_1, aquarium_window_1,
          aquarium_window_fake, aquarium_view_2f, aquarium_balcony_1a,
          aquarium_pool_side
Temple:   minmay_temple_bridge_abc

Skill      XL: |  1  2  3  4  5  6  7  8 |
---------------+-------------------------+-----
Spellcasting   | 3 4 5 6 7 |  7.1
Dodging        | |  2.1
Stealth        | |  1.5

Action                   |  1- 3 |  4- 6 |  7- 9 || total
-------------------------+-------+-------+-------++-------
Melee: Staff             |       |    34 |       ||    34
       Whip              |       |     2 |       ||     2
 Cast: Shock             |    55 |    85 |    32 ||   172
       Static Discharge  |       |    30 |     8 ||    38
       Airstrike         |       |     2 |    14 ||    16
       Corona            |       |     1 |       ||     1
       Slow              |       |       |    12 ||    12
Armor: Robe              |     1 |     2 |     1 ||     4
Dodge: Dodged            |     1 |    12 |    16 ||    29

Table legend: (Time is in decaauts)
 A = Elapsed time spent in this place.
 B = Non-inter-level travel time spent in this place.
 C = Inter-level travel time spent in this place.
 D = Time resting spent in this place.
 E = Time spent auto-exploring this place.
 F = Levels seen in this place.
 G = Mean time per level.
                   A        B        C        D        E       F      G
               +--------+--------+--------+--------+--------+-----+--------+
         Total |   7754 |   7310 |    444 |   1651 |   5094 |   6 | 1292.3 |
       Dungeon |   7581 |   7161 |    420 |   1651 |   4947 |   5 | 1516.2 |
        Temple |    172 |    148 |     24 |      0 |    147 |   1 |  172.0 |
               +--------+--------+--------+--------+--------+-----+--------+

Top non-repeatable levels by time:
     D:4: 2153 daAuts
     D:2: 1982 daAuts
     D:1: 1617 daAuts
     D:3: 1188 daAuts
     D:5: 639 daAuts
  Temple: 172 daAuts
